 Dungeon Crawl Stone Soup version 0.31.0-32-g396128a36d (webtiles) character file.

Game seed: 3524631690851375541

91 NotreDorf the Magician (level 4, 0/30 HPs)
             Began as a Mummy Fire Elementalist on Mar 30, 2024.
             Slain by a kobold
             ... wielding a +0 club
              (4 damage)
             ... on level 3 of the Dungeon.
             The game lasted 00:08:47 (1969 turns).

NotreDorf the Magician (Mummy Fire Elementalist)    Turns: 1969, Time: 00:08:48

Health: 0/30       AC:  4    Str: 11    XL:     4   Next: 33%
Magic:  3/10       EV:  9    Int: 16    God:
Gold:   77         SH:  0    Dex: 12    Spells: 9/12 levels left

rFire   x . .        j - +1 halberd (venom)
rCold   + . .        (shield currently unavailable)
rNeg    + + +        a - +0 robe
rPois   ∞            g - +0 helmet
rElec   .            (no cloak)
rCorr   .            d - +0 pair of gloves
SInv    .            (no boots)
Will    .....        (no amulet)
Stlth   ++           (no ring)
HPRegen 0.25/turn    (no ring)
MPRegen 0.12/turn

%: faith
@: grasped by roots, very slightly contaminated, constricted
A: cold resistance 1, negative energy resistance 3, torment resistance 2, heat
vulnerability 1, in touch with death 1, no potions, faith
a: no special abilities


You were on level 3 of the Dungeon.
You visited 1 branch of the dungeon, and saw 3 of its levels.

You collected 77 gold pieces.

Inventory:

Hand Weapons
 j - a +1 halberd of venom (weapon)
Armour
 a - a +0 robe (worn)
 d - a +0 pair of gloves (worn)
 g - a +0 helmet (worn)
Scrolls
 c - 3 scrolls of enchant weapon {unknown}
 e - a scroll of acquirement {unknown}
 f - a scroll of silence {unknown}
 h - a scroll of amnesia {unknown}
 i - a scroll of fog {unknown}


   Skills:
 - Level 1.5 Dodging
 - Level 1.5 Stealth
 + Level 4.5 Spellcasting
 - Level 0.7 Conjurations
 + Level 3.4 Fire Magic


You had 9 spell levels left.
You knew the following spells:

 Your Spells              Type           Power      Damage    Failure   Level
a - Foxfire               Conj/Fire      40%        2x1d6     7%          1
b - Scorch                Fire           28%        2d6       6%          2

Your spell library contained the following spells:

 Spells                   Type           Power      Damage    Failure   Level
 Sting                    Conj/Alch      16%        1d4       14%         1
 Apportation              Tloc           6%         N/A       16%         1
 Necrotise                Necr           20%        1d5       16%         1
 Summon Small Mammal      Summ           12%        N/A       16%         1
 Inner Flame              Hex/Fire       9%         N/A       24%         3
 Volatile Blastmotes      Fire/Tloc      18%        2d11      24%         3
 Flame Wave               Conj/Fire      10%        2d6       56%         4


Dungeon Overview and Level Annotations

Branches:
Dungeon (3/15)

Altars:

Annotations:
D:3 Ijyb


Innate Abilities, Weirdness & Mutations

You are immune to poison.
Your flesh is cold resistant. (rC+)
You are immune to negative energy. (rN+++)
You are immune to unholy pain and torment.
You are vulnerable to heat. (rF-)
You are in touch with the powers of death.
You do not drink.
You have a special connection with the divine. (Faith)


Message History

Ijyb is moderately wounded.
The foxfire hits Ijyb.
Ijyb is heavily wounded.
Ijyb barely misses you.
Casting: Foxfire (safe; 7% risk of failure)
Confirm with . or Enter, or press ? or * to list all spells.
You miscast Foxfire.
Nothing appears to happen.
Ijyb barely misses you.
Casting: Foxfire (safe; 7% risk of failure)
Confirm with . or Enter, or press ? or * to list all spells.
You conjure some foxfire!
Ijyb hits you with a +0 dagger.
There are monsters nearby!
The foxfire hits Ijyb.
Ijyb is heavily wounded.
The foxfire hits Ijyb.
Ijyb is severely wounded.
Ijyb zaps a wand.
The roots erupt in riotous growth!
The grasping roots grab you!
The kobold is unaffected.
Ijyb is unaffected.
The rat is unaffected.
The grasping roots constrict you.
You hear a loud squeak.
You hear an angry hiss.
Casting: Foxfire (safe; 7% risk of failure)
Confirm with . or Enter, or press ? or * to list all spells.
You conjure some foxfire!
The kobold closely misses you. Ijyb hits you with a +0 dagger.
The grasping roots constrict you.
* * * LOW HITPOINT WARNING * * *
The rat bites you.
* * * LOW HITPOINT WARNING * * *
You barely miss Ijyb.
Ijyb is severely wounded.
The foxfire hits Ijyb.
Ijyb is severely wounded.
The foxfire hits Ijyb but does no damage.
Ijyb is severely wounded.
The rat bites you but does no damage. The kobold closely misses you.
Ijyb hits you with a +0 dagger.
* * * LOW HITPOINT WARNING * * *
The grasping roots constrict you.
* * * LOW HITPOINT WARNING * * *
The kobold hits you with a +0 club.
You die...

.#.#.#
..... #.#.#
#.#$##
####....###
.........
#.Kgr#
#..@#
###.§##
#.....#
#.###.# #.
#.# #.###.#
#.....#
##.#.##
##.#<#


You could see Ijyb, a kobold and a rat.

Vanquished Creatures
  An adder (D:2)
  4 gnolls (D:2)
  2 dart slugs
  A ball python (D:2)
  5 endoplasms
  A giant cockroach (D:1)
  6 goblins
  A hobgoblin (D:1)
  4 jackals (D:1)
  A kobold (D:1)
  3 quokkas
  2 bats
  3 frilled lizards (D:1)
  A rat (D:3)
35 creatures vanquished.

Vanquished Creatures (others)
  105 foxfires
105 creatures vanquished.

Grand Total: 140 creatures vanquished

Notes
Turn   | Place    | Note
-------+----------+-------------------------------------------
     0 | D:1      | NotreDorf the Mummy Fire Elementalist began the quest for
                  | the Orb.
     0 | D:1      | Reached XP level 1. HP: 13/13 MP: 4/4
   104 | D:1      | Reached skill level 3 in Spellcasting
   182 | D:1      | Reached XP level 2. HP: 19/19 MP: 3/6
   583 | D:1      | Noticed a glass eye
   586 | D:1      | Found a faded altar of an unknown god.
   588 | D:1      | Noticed an eye of devastation
   588 | D:1      | Noticed a golden eye
   588 | D:1      | Noticed a great orb of eyes
   851 | D:2      | Reached XP level 3. HP: 24/24 MP: 5/8
  1153 | D:2      | Reached skill level 4 in Spellcasting
  1155 | D:2      | HP: 1/24 [gnoll/+1 halberd of venom (6)]
  1677 | D:2      | Reached XP level 4. HP: 30/30 MP: 5/10
  1925 | D:3      | Learned a level 2 spell: Scorch
  1955 | D:3      | Noticed Ijyb
  1969 | D:3      | Slain by a kobold

Illustrated notes

Levels and vault maps discovered:
D:1:      lightli_arrival_maybe_door_vault, layout_loops_ring,
          hellmonk_ecumenical_altar_watching_god
D:2:      layout_basic, minmay_door_square, amcnicky_mini_corridor_feature
D:3:      layout_loops_ring, lemuel_zombie_altar_kikubaaqudgha,
          nicolae_overflow_crystal_walls, nicolae_overflow_hidden_temple,
          gup_sewer_entry_pipe, uniq_ijyb

Skill      XL: |  1  2  3 |
---------------+----------+-----
Spellcasting   | 3 4 |  4.5
Fire Magic     | 3 |  3.4
Dodging        | |  1.5
Stealth        | |  1.5
Conjurations   | |  0.7

Action                     |  1- 3 |  4- 6 || total
---------------------------+-------+-------++-------
  Melee: Unarmed           |     3 |       ||     3
         Spear             |    15 |       ||    15
         Halberd           |       |     2 ||     2
   Cast: Foxfire           |    51 |    12 ||    63
    Use: Scroll            |     1 |       ||     1
 Armour: Robe              |    20 |     8 ||    28
  Dodge: Dodged            |    31 |     8 ||    39
